 Dungeon Crawl Stone Soup version 0.22-a0-422-g9628fc8 (webtiles) character file.

322 galech the Conjurer (level 6, -2/47 HPs)
             Began as a Gnoll Wanderer on May 16, 2018.
             Succumbed to KristoblXynda's ghost's poison
             ... on level 3 of the Dungeon.
             The game lasted 00:04:18 (1493 turns).

galech the Conjurer (Gnoll Wanderer)                Turns: 1493, Time: 00:04:19

Health: -2/47      AC:  8    Str: 19    XL:     6   Next: 47%
Magic:  14/14      EV: 10    Int: 20    God:
Gold:   88         SH:  0    Dex: 16    Spells: 15/15 levels left

rFire    . . .     SeeInvis +   i - +5 great sword of Xeuguig {slice, *Drain SInv Stlth+}
rCold    . . .     Gourm    .   (shield currently unavailable)
rNeg     . . .     Faith    .   a - +2 scale mail
rPois    .         Spirit   .   (no helmet)
rElec    .         Reflect  .   (no cloak)
rCorr    .         Harm     .   (no gloves)
MR       .....                  (no boots)
Stlth    ++........             (no amulet)
HPRegen  0.15/turn              (no ring)
MPRegen  0.14/turn              (no ring)

@: mighty, brilliant, lethally poisoned (-2 -> -36)
A: distributed training, fangs 1, blurry vision 1, mutation resistance 1, strong
nose
a: no special abilities


You were on level 3 of the Dungeon.
You were not hungry.

You visited 1 branch of the dungeon, and saw 3 of its levels.

You collected 88 gold pieces.

Inventory:

Hand Weapons
 c - a +0 shortbow
 e - a +0 mace
 i - the +5 great sword of Xeuguig (weapon) {slice, *Drain SInv Stlth+}
   (You found it on level 1 of the Dungeon)

   It inflicts extra damage upon your enemies.
   It lets you see invisible.
   It causes draining when unequipped.
   It makes you more stealthy.
Missiles
 d - 64 arrows
Armour
 a - a +2 scale mail (worn)
 j - a +0 large shield
Scrolls
 b - a scroll of fear {unknown}
 l - 3 scrolls of remove curse {unknown}
 m - a scroll of identify {unknown}
 n - a scroll of enchant armour {unknown}
Comestibles
 f - 7 rations
 g - a chunk of flesh


   Skills:
 + Level 3.2 Fighting
 + Level 1.9 Short Blades
 + Level 1.9 Long Blades
 + Level 1.9 Axes
 + Level 1.9 Maces & Flails
 + Level 1.9 Polearms
 + Level 1.9 Staves
 + Level 1.9 Slings
 + Level 3.2 Bows
 + Level 1.9 Crossbows
 + Level 3.2 Throwing
 + Level 3.2 Armour
 + Level 1.9 Dodging
 + Level 1.9 Stealth
 + Level 3.2 Shields
 + Level 1.9 Unarmed Combat
 + Level 5.3 Spellcasting
 + Level 5.6 Conjurations
 + Level 1.5 Hexes
 + Level 1.5 Charms
 + Level 1.5 Summonings
 + Level 1.5 Necromancy
 + Level 1.5 Translocations
 + Level 1.5 Transmutations
 + Level 1.5 Fire Magic
 + Level 1.5 Ice Magic
 + Level 1.5 Air Magic
 + Level 1.5 Earth Magic
 + Level 1.5 Poison Magic
 + Level 2.1 Invocations
 + Level 1.9 Evocations


You had 15 spell levels left.
You didn't know any spells.
Your spell library contained the following spells:

 Spells                   Type           Power        Failure   Level  Hunger
 Passwall                 Tmut/Erth      ###.......   3%          2    None
 Sticks to Snakes         Tmut           ###.....     3%          2    None


Dungeon Overview and Level Annotations

Branches:
Dungeon (3/15)

Altars:
Elyvilon
Ru

Annotations:
D:3 KristoblXynda's ghost, amateur DrAE


Innate Abilities, Weirdness & Mutations

Your experience applies equally to all skills.
You have very sharp teeth.
Your uncanny sense of smell can sniff out nearby items.
Scrolls take you a little longer to read.
You are somewhat resistant to further mutation.


Message History

KristoblXynda's ghost closely misses you.
It was a potion of mutation.
You feel extremely strange.
You feel genetically stable.
Your vision blurs.
You feel very sick. KristoblXynda's ghost hits you.
* * * LOW HITPOINT WARNING * * *
You are more poisoned.
* * * LOW HITPOINT WARNING * * *
You feel very sick.
* * * LOW HITPOINT WARNING * * *
You feel very sick.
* * * LOW HITPOINT WARNING * * *
You feel very sick.
KristoblXynda's ghost casts a spell at you.
The zap misses you.
Really read with blurry vision while enemies are nearby?
Okay, then.
* * * LOW HITPOINT WARNING * * *
You feel very sick.
You die...

#.###
###############
###...###
#.............#
##..._...#
#.##########.##
#........###.#
#<#.#
#.........##.#
#.#.#
##....8....##.#
#.#.#
#..........##.#
#.#.#
#........W..@.#
#.#.#
#....._..)#####
#.#.#
#........##
#.#.#
#........#
#.#.#
#####+##.#
#.#.# #.. #.#.#
### #...# #####


You could see KristoblXynda's ghost.

Vanquished Creatures
  Sigmund (D:2)
  Terence (D:2)
  Natasha (thrice) (D:2)
  An adder (D:2)
  3 dart slugs (D:1)
  2 ball pythons
  7 giant cockroaches
  5 goblins
  2 hobgoblins (D:1)
  5 kobolds
  5 bats (D:1)
  2 frilled lizards
  9 rats
46 creatures vanquished.

Notes
Turn   | Place    | Note
-------+----------+-------------------------------------------
     0 | D:1      | galech the Gnoll Wanderer began the quest for the Orb.
     0 | D:1      | galech set off with: a +2 scale mail, a +0 shortbow, 28 arrows, a ration
     0 | D:1      | Reached XP level 1. HP: 17/17 MP: 6/6
   144 | D:1      | Reached XP level 2. HP: 23/23 MP: 7/7
   324 | D:1      | Reached XP level 3. HP: 19/28 MP: 9/9
   466 | D:1      | Got a crystal great sword
   467 | D:1      | Identified the +5 great sword of Xeuguig {slice, *Drain SInv Stlth+} (You found it on level 1 of the Dungeon)
   549 | D:1      | Reached skill level 5 in Spellcasting
   890 | D:2      | Noticed Sigmund
   900 | D:2      | Killed Sigmund
   900 | D:2      | Reached skill level 1 in Short Blades
   900 | D:2      | Reached skill level 1 in Long Blades
   900 | D:2      | Reached skill level 1 in Axes
   900 | D:2      | Reached skill level 1 in Maces & Flails
   900 | D:2      | Reached skill level 1 in Polearms
   900 | D:2      | Reached skill level 1 in Staves
   900 | D:2      | Reached skill level 1 in Slings
   900 | D:2      | Reached skill level 1 in Crossbows
   900 | D:2      | Reached skill level 1 in Dodging
   900 | D:2      | Reached skill level 1 in Stealth
   900 | D:2      | Reached skill level 1 in Unarmed Combat
   900 | D:2      | Reached skill level 1 in Hexes
   900 | D:2      | Reached skill level 1 in Charms
   900 | D:2      | Reached skill level 1 in Summonings
   900 | D:2      | Reached skill level 1 in Necromancy
   900 | D:2      | Reached skill level 1 in Translocations
   900 | D:2      | Reached skill level 1 in Transmutations
   900 | D:2      | Reached skill level 1 in Fire Magic
   900 | D:2      | Reached skill level 1 in Ice Magic
   900 | D:2      | Reached skill level 1 in Air Magic
   900 | D:2      | Reached skill level 1 in Earth Magic
   900 | D:2      | Reached skill level 1 in Poison Magic
   900 | D:2      | Reached skill level 1 in Invocations
   900 | D:2      | Reached skill level 1 in Evocations
   900 | D:2      | Reached XP level 4. HP: 23/35 MP: 11/11
   900 | D:2      | Reached XP level 5. HP: 27/41 MP: 12/12
  1001 | D:2      | Noticed Terence
  1010 | D:2      | Killed Terence
  1010 | D:2      | Reached XP level 6. HP: 47/47 MP: 13/13
  1059 | D:2      | Noticed Natasha
  1063 | D:2      | Killed Natasha
  1213 | D:2      | Noticed Natasha
  1219 | D:2      | Killed Natasha
  1348 | D:2      | Noticed Natasha
  1357 | D:2      | Killed Natasha
  1473 | D:3      | Found a white marble altar of Elyvilon.
  1474 | D:3      | Found a sacrificial altar of Ru.
  1474 | D:3      | Noticed KristoblXynda's ghost (amateur DrAE)
  1488 | D:3      | Gained mutation: You are somewhat resistant to further mutation. [potion of mutation]
  1488 | D:3      | Gained mutation: Scrolls take you a little longer to read. [potion of mutation]
  1492 | D:3      | HP: 1/47 [poisoned by KristoblXynda's ghost]
  1493 | D:3      | Succumbed to KristoblXynda's ghost's poison

Vault maps used:
D:1:      eino_arrival_druids_welcome, minivault_5, minmay_close_crescents
D:2:      first_ration, uniq_natasha, uniq_terence, uniq_sigmund
D:3:      lemuel_doored_altar, grunt_temple_overflow_open

Skill      XL: |  1  2  3  4  5 |
---------------+----------------+-----
Spellcasting   | 5 |  5.3
Fighting       | 3 |  3.2
Short Blades   | 1 |  1.9
Long Blades    | 1 |  1.9
Axes           | 1 |  1.9
Maces & Flails | 1 |  1.9
Polearms       | 1 |  1.9
Staves         | 1 |  1.9
Slings         | 1 |  1.9
Bows           | 3 |  3.2
Crossbows      | 1 |  1.9
Throwing       | 3 |  3.2
Armour         | 3 |  3.2
Dodging        | 1 |  1.9
Stealth        | 1 |  1.9
Shields        | 3 |  3.2
Unarmed Combat | 1 |  1.9
Hexes          | 1 |  1.5
Charms         | 1 |  1.5
Summonings     | 1 |  1.5
Necromancy     | 1 |  1.5
Translocations | 1 |  1.5
Transmutations | 1 |  1.5
Fire Magic     | 1 |  1.5
Ice Magic      | 1 |  1.5
Air Magic      | 1 |  1.5
Earth Magic    | 1 |  1.5
Poison Magic   | 1 |  1.5
Invocations    | 1 2 |  2.1
Evocations     | 1 |  1.9
Conjurations   | |  5.6

Action                   |  1- 3 |  4- 6 || total
-------------------------+-------+-------++-------
Melee: Mace              |    34 |       ||    34
       Bite              |     4 |     3 ||     7
       Great sword       |    26 |    27 ||    53
 Fire: Shortbow          |    34 |       ||    34
  Use: Potion            |       |     3 ||     3
 Stab: Sleeping          |     1 |     4 ||     5
  Eat: Chunk             |       |     2 ||     2
Armor: Scale mail        |    56 |    12 ||    68
Dodge: Dodged            |    72 |    16 ||    88
       Rpst.: Great sword |     7 |     6 ||    13

Table legend:
 A = Spawn XP
 B = Non-spawn XP
 C = Spawn XP percentage of total XP
 D = Spawn monster count
 E = Non-spawn monster count
 F = Spawn count percentage of total count
 G = Total turns spent on level
                    A         B        C        D         E        F      G
               +---------+---------+-------+---------+---------+-------+---------
         Total |       0 |     460 |   0.0 |       0 |      46 |   0.0 |  1493
               +---------+---------+-------+---------+---------+-------+---------
           D:1 |       0 |      51 |   0.0 |       0 |      29 |   0.0 |   759
           D:2 |       0 |     407 |   0.0 |       0 |      16 |   0.0 |   676
           D:3 |       0 |       2 |   0.0 |       0 |       1 |   0.0 |    58
               +---------+---------+-------+---------+---------+-------+---------
